 Dungeon Crawl Stone Soup version 0.24.0-123-gd5b16e6ec5 (webtiles) character file.

Game seed: 12527519119502904941, levelgen mode: deterministic

841 ANON1729 the Twirler (level 7, -5/55 HPs)
             Began as a Demonspawn Gladiator on Jan 5, 2020.
             Killed by divine providence
             ... invoked by an orc priest
              (12 damage)
             ... on level 6 of the Dungeon.
             The game lasted 00:08:33 (6505 turns).

ANON1729 the Twirler (Demonspawn Gladiator)         Turns: 6505, Time: 00:08:34

Health: -5/55      AC:  7    Str: 16    XL:     7   Next: 67%
Magic:  7/7        EV: 16    Int: 10    God:
Gold:   217        SH:  0    Dex: 21    Spells: 6/6 levels left

rFire    + . .     SeeInvis +   B - staff of fire
rCold    . . .     Gourm    .   (no shield)
rNeg     . . .     Faith    .   D - +1 robe "Noehy" {*Drain Str+2 Dex+5 Stlth+} (curse)
rPois    +         Spirit   .   c - +1 helmet
rElec    .         Reflect  .   (no cloak)
rCorr    .         Harm     .   (no gloves)
MR       .....                  (no boots)
Stlth    +++.......             (no amulet)
HPRegen  0.18/turn              i - ring of see invisible (curse)
MPRegen  0.10/turn              j - ring of poison resistance

@: no status effects
A: molten scales 1
a: no special abilities


You were on level 6 of the Dungeon.
You were not hungry.

You visited 1 branch of the dungeon, and saw 6 of its levels.

You collected 217 gold pieces.

Inventory:

Hand Weapons
 a - a +0 quarterstaff
Missiles
 d - 4 throwing nets (quivered)
Armour
 c - a +1 helmet (worn)
 D - the cursed +1 robe "Noehy" (worn) {*Drain Str+2 Dex+5 Stlth+}
   (You found it on level 5 of the Dungeon)

   It affects your strength (+2).
   It affects your dexterity (+5).
   It causes draining when unequipped.
   It makes you more stealthy.
   It has a curse placed upon it.
 E - the +1 ring mail "Venlo" {rF+, unknown}
   (You found it on level 5 of the Dungeon)

   It protects you from fire.
Magical Staves
 y - an uncursed staff of conjuration
 B - an uncursed staff of fire (weapon)
Jewellery
 i - a cursed ring of see invisible (left hand)
 j - a ring of poison resistance (right hand)
 C - an uncursed ring of protection from fire
Wands
 r - a wand of iceblast (8)
 z - a wand of random effects (12)
Scrolls
 e - 2 scrolls of magic mapping {unknown}
 g - a scroll of amnesia {unknown}
 h - 3 scrolls of remove curse {unknown}
 k - 3 scrolls of fear
 n - 3 scrolls of identify {unknown}
 t - 2 scrolls of enchant weapon {unknown}
 v - 2 scrolls of enchant armour
 w - 2 scrolls of teleportation {unknown}
 x - a scroll of fog {unknown}
 A - a scroll of noise {unknown}
 F - 2 scrolls of random uselessness {unknown}
Potions
 l - a potion of magic {unknown}
 m - 2 potions of flight {unknown}
 o - a potion of heal wounds {unknown}
 p - a potion of mutation {unknown}
 q - a potion of resistance
 s - a potion of haste {unknown}
 u - 2 potions of curing
Comestibles
 f - 8 rations


   Skills:
 + Level 4.6 Fighting
 + Level 4.8 Staves
 + Level 4.3 Throwing
 + Level 4.7 Dodging


You had 6 spell levels left.
You didn't know any spells.
Your spell library was empty.

Dungeon Overview and Level Annotations

Branches:
Dungeon (6/15)
 Temple: D:4-7

Altars:
Cheibriados
Dithmenos
Makhleb
Nemelex Xobeh

Annotations:
D:3 Blork the orc
D:5 exclusion: door


Innate Abilities, Weirdness & Mutations

You are partially covered in molten scales. (AC +2)


Message History

The orc priest barely misses you.
You hit the orc priest.
The orc priest is heavily wounded.
The orc priest misses you.
You closely miss the orc priest.
The orc priest is heavily wounded.
The orc priest mumbles some strange prayers to Beogh against you.
Beogh smites you!
* * * LOW HITPOINT WARNING * * *
You hit the orc priest.
The orc priest is severely wounded.
The orc priest drinks a potion.
The orc priest is healed!
You hit the orc priest but do no damage.
The orc priest is heavily wounded.
The orc priest closely misses you.
Unknown command.
You feel better.
The orc priest mumbles some strange prayers to Beogh against you.
Beogh smites you!
You die...

#####.#....#....#
........<..#.##.#
...........#.#..#
###.#.#....#.#.##
#.#.#....#.#.#
#.#.#....#.#.#
#<#.#....#.#.#
###.#........#####
#.#......#..@oo#
#.....####.###.#
#..#... ...# #.#
#..###########)#
.... ..!..F†..o#
.. .....o#####
..... .... .##


You could see an orc priest and an orc.

Vanquished Creatures
  A phantom (D:4)
  A centaur (D:4)
  A bullfrog (D:6)
  A scorpion (D:4)
  2 crimson imps
  A centaur skeleton (D:6)
  An orc priest (D:5)
  A hound (D:5)
  3 orc wizards
  An iguana (D:4)
  A bullfrog skeleton (D:4)
  2 worker ants
  3 gnolls (D:4)
  5 adders
  An ooze (D:2)
  An adder skeleton (D:4)
  6 worms
  3 dart slugs
  A leopard gecko (D:4)
  6 orcs
  9 bats
  4 giant cockroaches
  14 goblins
  8 hobgoblins
  13 jackals
  2 quokkas
  2 ball pythons
  4 frilled lizards
  A jackal skeleton (D:4)
  A jackal zombie (D:5)
  9 kobolds
  A leopard gecko skeleton (D:4)
  12 rats
  A butterfly (D:4)
123 creatures vanquished.

Vanquished Creatures (others)
  An orc wizard (D:5)
1 creature vanquished.

Grand Total: 124 creatures vanquished

Notes
Turn   | Place    | Note
-------+----------+-------------------------------------------
     0 | D:1      | ANON1729 the Demonspawn Gladiator began the quest for the
                  | Orb.
     0 | D:1      | Reached XP level 1. HP: 16/16 MP: 1/1
   135 | D:1      | Gained mutation: You are partially covered in molten
                  | scales. (AC +2) [demonic ancestry]
   135 | D:1      | Reached XP level 2. HP: 10/22 MP: 2/2
   666 | D:1      | Reached XP level 3. HP: 28/28 MP: 3/3
  1064 | D:2      | Found a shadowy altar of Dithmenos.
  1247 | D:2      | Reached XP level 4. HP: 30/34 MP: 4/4
  1685 | D:2      | Found a burning altar of Makhleb.
  2331 | D:3      | Reached XP level 5. HP: 41/41 MP: 5/5
  2445 | D:3      | Found a sparkling altar of Nemelex Xobeh.
  2815 | D:3      | Noticed Blork the orc
  3144 | D:4      | Noticed a centaur
  3149 | D:4      | Killed a centaur
  3149 | D:4      | Reached XP level 6. HP: 39/47 MP: 6/6
  4393 | D:4      | Reached XP level 7. HP: 44/54 MP: 7/7
  4655 | D:5      | Entered Level 5 of the Dungeon
  5112 | D:5      | Found a snail-covered altar of Cheibriados.
  5409 | D:5      | Got a bloodstained robe
  5420 | D:5      | Identified the cursed +1 robe "Noehy" {*Drain Str+2 Dex+5
                  | Stlth+} (You found it on level 5 of the Dungeon)
  6342 | D:5      | Got a warped ring mail
  6502 | D:6      | HP: 2/55 [orc priest/divine providence (15)]
  6505 | D:6      | Killed from afar by an orc priest

Levels and vault maps discovered:
D:1:      matt_arrival_diagonals, layout_loops_cross
D:2:      layout_basic, grunt_dithmenos_smoke, makhleb_grotto_becter,
          st_stairs_9, chequers_serial_rivers_room_b,
          minmay_misc_feat_more_columns, minmay_octomino_e4
D:3:      layout_basic, tgw_sif, nemelex_xobeh_ov_fountains_minmay,
          columned_hall_lemuel
D:4:      layout_basic, hangedman_glass_garden, hangedman_decor_push
D:5:      layout_gridville, first_ration, hex_large, kennysheep_slug_shrine
D:6:      layout_basic, nicolae_overflow_hidden_temple,
          overflow_temple_1_default, chequers_temple_overflow_statue_of_worship,
          minmay_temple_entry_tees, uniq_eustachio

Skill      XL: |  1  2  3  4  5  6  7 |
---------------+----------------------+-----
Throwing       | 2 3 4 |  4.3
Staves         | 3 4 |  4.8
Dodging        | 3 4 |  4.7
Fighting       | 3 4 |  4.6

Action                   |  1- 3 |  4- 6 |  7- 9 || total
-------------------------+-------+-------+-------++-------
Melee: Quarterstaff      |   166 |   208 |    27 ||   401
       Staff             |       |       |   239 ||   239
Evoke: Wand              |       |     1 |       ||     1
  Use: Scroll            |       |       |     2 ||     2
       Potion            |       |       |     1 ||     1
 Stab: Sleeping          |       |     5 |     1 ||     6
  Eat: Chunk             |     1 |     9 |     6 ||    16
       Ration            |       |       |     1 ||     1
Armor: Leather armour    |    65 |    57 |    29 ||   151
       Robe              |       |       |    35 ||    35
Dodge: Dodged            |   123 |   147 |   176 ||   446
